 Dungeon Crawl Stone Soup version 0.25.0-1-g7eea58d (webtiles) character file.

Game seed: 1497991470460154347

51 bogs101 the Magician (level 3, -3/19 HPs)
             Began as a Deep Elf Wizard on June 23, 2020.
             Shot with a stone by a goblin (9 damage)
             ... on level 2 of the Dungeon.
             The game lasted 00:07:33 (1813 turns).

bogs101 the Magician (Deep Elf Wizard)              Turns: 1813, Time: 00:07:33

Health: -3/19      AC:  3    Str:  4    XL:     3   Next: 57%
Magic:  5/12       EV: 13    Int: 23    God:
Gold:   67         SH:  0    Dex: 13    Spells: 8/13 levels left

rFire    . . .     SeeInvis .   c - -2 spear (curse)
rCold    . . .     Gourm    .   (no shield)
rNeg     . . .     Faith    .   a - +0 robe
rPois    .         Spirit   .   b - +0 hat
rElec    .         Reflect  .   (no cloak)
rCorr    .         Harm     .   f - +0 pair of gloves
MR       .....                  (no boots)
Stlth    +++.......             (no amulet)
HPRegen  0.06/turn              (no ring)
MPRegen  0.13/turn              (no ring)

@: no status effects
A: no striking features
a: no special abilities


You were on level 2 of the Dungeon.
You were hungry.

You visited 1 branch of the dungeon, and saw 2 of its levels.

You collected 67 gold pieces.

Inventory:

Hand Weapons
 c - a cursed -2 spear (weapon)
Missiles
 k - 2 javelins (quivered)
Armour
 a - a +0 robe (worn)
 b - a +0 hat (worn)
 f - a +0 pair of gloves (worn)
Jewellery
 i - an uncursed ring of protection from cold {unknown}
Scrolls
 j - a scroll of identify {unknown}
 m - a scroll of immolation {unknown}
Potions
 e - a potion of curing {unknown}
 g - a potion of resistance {unknown}
 h - a potion of flight {unknown}
 l - a potion of degeneration {unknown}
Comestibles
 d - 2 rations


   Skills:
 - Level 2.4 Dodging
 + Level 4.0 Stealth
 + Level 5.5 Spellcasting
 - Level 1.1 Conjurations
 - Level 1.1 Summonings
 - Level 1.1 Translocations


You had 8 spell levels left.
You knew the following spells:

 Your Spells              Type           Power        Failure   Level  Hunger
a - Magic Dart            Conj           ##..         6%          1    None
b - Blink                 Tloc           N/A          9%          2    None
c - Call Imp              Summ           ##......     9%          2    None

Your spell library contained the following spells:

 Spells                   Type           Power        Failure   Level  Hunger
 Slow                     Hex            #.......     14%         2    None
 Conjure Flame            Conj/Fire      #.......     22%         3    ##.....
 Mephitic Cloud           Conj/Pois/Air  #.......     24%         3    ##.....


Dungeon Overview and Level Annotations

Branches:
Dungeon (2/15)

Altars:
Makhleb


Message History

Anything else - Cancel.
Gang up on whom?
Press: ? - help, Dir - move target cursor, f - goblin
Aim: a goblin, wielding a +0 club Attack!
The goblin shoots a stone.
The stone misses your crimson imp.
The stone barely misses your crimson imp.
The stone hits you.
Your crimson imp hits the goblin.
The goblin dies!
What are your orders? t - Shout!
Orders for allies: a - Attack new target. r - Retreat! s - Stop attacking. g - Guard the area. f - Follow me.
Anything else - Cancel.
Gang up on whom?
Press: ? - help, Dir - move target cursor, f - goblin
Aim: a goblin, wielding a +0 hunting sling and quivering 8 stones Attack!
The goblin shoots a stone.
The stone misses your crimson imp. The stone hits you!
You die...

#########.....####.#
.....# #.##..#
.###.####.....####.
...<................
....##(.....#.### .#
....##......).# ..
..####........####.##
..# ####........#..
.## #....#.#@#.### ##
#....#..(#...#
#.......(5...#
#####....(...#
#........#
#....)5.$.#
#...5.g...#
#.........#
#.(.....###


You could see a goblin and 3 friendly crimson imps.

Vanquished Creatures
  An ooze (D:1)
  A dart slug (D:1)
  2 leopard geckos
  A ball python (D:1)
  5 bats
  A giant cockroach (D:1)
  6 goblins
  2 hobgoblins (D:1)
  A jackal (D:1)
  5 kobolds
  2 frilled lizards (D:1)
  8 rats
35 creatures vanquished.

Vanquished Creatures (collateral kills)
  A dart slug (D:1)
  2 goblins
  2 hobgoblins
  3 jackals (D:1)
8 creatures vanquished.

Grand Total: 43 creatures vanquished

Notes
Turn   | Place    | Note
-------+----------+-------------------------------------------
     0 | D:1      | bogs101 the Deep Elf Wizard began the quest for the Orb.
     0 | D:1      | Reached XP level 1. HP: 10/10 MP: 7/7
   207 | D:1      | Reached XP level 2. HP: 15/15 MP: 5/9
   341 | D:1      | Reached skill level 5 in Spellcasting
   431 | D:1      | Learned a level 2 spell: Blink
   434 | D:1      | Learned a level 2 spell: Call Imp
   636 | D:1      | Reached XP level 3. HP: 19/19 MP: 11/11
  1708 | D:2      | Found a burning altar of Makhleb.
  1708 | D:2      | Noticed a blizzard demon
  1764 | D:2      | Noticed a neqoxec
  1764 | D:2      | Noticed a hellwing
  1813 | D:2      | Shot with a stone by a goblin

Illustrated notes

Levels and vault maps discovered:
D:1:      dpeg_cavernosity, layout_basic, serial_forest,
          infiniplex_forest_clump_long, infiniplex_forest_lined_2,
          infiniplex_forest_straight_5, infiniplex_forest_clump_tiny,
          infiniplex_forest_end_3, infiniplex_forest_diagonal,
          infiniplex_forest_end_3, infiniplex_forest_corner_1
D:2:      layout_basic, makhleb_altar_promises_db

Skill      XL: |  1  2  3 |
---------------+----------+-----
Stealth        | 3 4 |  4.0
Spellcasting   | 5 |  5.5
Dodging        | |  2.4
Conjurations   | |  1.1
Summonings     | |  1.1
Translocations | |  1.1

Action                   || total
-------------------------++-------
Melee: Spear             ||     1
Throw: Javelin           ||    35
 Cast: Magic Dart        ||    47
       Call Imp          ||    10
  Eat: Chunk             ||     2
Armor: Robe              ||     8
Dodge: Dodged            ||    25
